AoeStats
← Lord Laggington

Arabia

514913860Analyzed
1v1 RM · 17d ago on Oct 19, 2026· 47m 54s· 2 players
Game mode
Random Map
Map size
Tiny (2 player)
Population
200
Speed
Normal
Resources
Standard
Victory
Conquest
Starting age
Dark Age
Ending age
Imperial Age
RankedLock teamsTeams togetherTeam positionsShared explorationLock speedFull tech treeHidden civsTurbo modeCheats
Victory
Defeat
🇩🇪 Bulgarians · Germany
831
+14
vs
🇳🇱 Mongols · Netherlands
777
-14
SheldonNumber
5:15 Loom
9:23 Feudal Age
10:56 Double-Bit Axe
18:34 Fletching
24:31 Castle Age
23:32 Forging
24:27 Wheelbarrow
23:49 Horse Collar
25:57 Scale Mail Armor
25:58 Padded Archer Armor
26:24 Crossbowman
28:03 Light Cavalry
30:46 Bloodlines
30:50 Husbandry
47:37 Imperial Age
Lord Laggington
8:36 Loom
11:03 Feudal Age
14:44 Double-Bit Axe
15:39 Scale Mail Armor
15:50 Forging
18:53 Town Watch
21:27 Castle Age
19:32 Stone Mining
19:34 Gold Mining
19:29 Horse Collar
23:43 Wheelbarrow
23:45 Bow Saw
26:24 Hand Cart
26:10 Murder Holes
27:15 Squires
27:18 Fletching
28:11 Iron Casting
29:53 Pikeman
30:20 Arson
30:20 Gambesons
33:00 Ballistics
32:51 Masonry
33:19 Gambesons
34:19 Town Patrol
36:39 Bodkin Arrow
42:12 Imperial Age
40:55 Stirrups
41:52 Scale Barding Armor
42:04 Chain Mail Armor
42:22 Halberdier
43:06 Bracer
43:37 Plate Mail Armor
43:41 Conscription
42:55 Capped Ram
44:27 Siege Ram
46:21 Blast Furnace
45:29 Siege Engineers
47:21 Bagains
Connection lost

Rejoining the realm…

Still unreachable

The connection could not be restored.

Session expired

The server has moved on; the page needs a fresh start.